 Dungeon Crawl Stone Soup version 0.32-a0-433-g08bcfe7efd (webtiles) character file.

Game seed: 11869358649200214

29 ragingrage the Slasher (level 3, 0/27 HPs)
             Began as a Coglin Warper on Feb 23, 2024.
             Was a Follower of Wu Jian.
             Frozen to death by an endoplasm (3 damage)
             ... on level 2 of the Dungeon.
             The game lasted 00:00:57 (893 turns).

ragingrage the Slasher (Coglin Warper)               Turns: 893, Time: 00:00:58

Health: 0/27       AC:  6    Str: 11    XL:     3   Next: 16%
Magic:  5/5        EV: 10    Int: 12    God:    Wu Jian [*.....]
Gold:   28         SH:  0    Dex: 15    Spells: 5/5 levels left

rFire   . . .        a - +0 falchion {Dalbir}
rCold   . . .        (no shield)
rNeg    . . .        f - +0 ring mail
rPois   .            (no helmet)
rElec   .            (no cloak)
rCorr   .            (no gloves)
SInv    .            g - +0 pair of boots
Will    .....        (no amulet)
Stlth   +            (no ring)
HPRegen 0.24/turn    (no ring)
MPRegen 0.09/turn

%: no passive effects
@: revving
A: off-hand wielding, slow wielding, warmup strikes, legs shutdown
a: Renounce Religion


You were on level 2 of the Dungeon.
You worshipped Wu Jian.
Wu Jian was aware of your devotion.
You visited 1 branch of the dungeon, and saw 2 of its levels.

You collected 28 gold pieces.

Inventory:

Hand Weapons
 a - a +0 falchion (weapon) {Dalbir}
Missiles
 d - 7 darts of dispersal (quivered)
 i - 6 poisoned darts
Armour
 b - a +0 leather armour
 f - a +0 ring mail (worn)
 g - a +0 pair of boots (worn)
Scrolls
 c - a scroll of blinking
 h - a scroll of enchant weapon {unknown}
Potions
 e - a potion of attraction {unknown}


   Skills:
 - Level 2.0 Fighting
 + Level 3.5 Long Blades
 - Level 0.8 Throwing
 - Level 0.8 Armour
 - Level 1.7 Dodging
 - Level 1.7 Spellcasting
 - Level 3.0 Translocations


You had 5 spell levels left.
You didn't know any spells.
Your spell library contained the following spells:

 Spells                   Type           Power      Damage    Failure   Level
 Blink                    Tloc           16%        N/A       30%         2
 Lesser Beckoning         Tloc           16%        N/A       30%         2
 Teleport Other           Tloc           8%         N/A       52%         3
 Manifold Assault         Tloc           8%         N/A       89%         4
 Vhi's Electric Charge    Tloc/Air       8%         N/A       98%         4


Dungeon Overview and Level Annotations

Branches:
Dungeon (2/15)

Altars:
Wu Jian


Innate Abilities, Weirdness & Mutations

You can wield a second weapon in your off-hand.
It takes a long time for you to wield or remove held weapons.
Your first few attacks do less damage.
Attacking and casting redirects power from your legs.


Message History

You closely miss the hobgoblin. The hobgoblin hits you.
The quokka twitches its whiskers.
You barely miss the hobgoblin.
The hobgoblin hits you but does no damage.
You hit the hobgoblin. The hobgoblin closely misses you.
You closely miss the hobgoblin.
The hobgoblin hits you but does no damage.
You barely miss the hobgoblin. The hobgoblin closely misses you.
The hobgoblin barely misses you.
You closely miss the hobgoblin. The hobgoblin barely misses you.
An endoplasm comes into view.
You hit the hobgoblin.
You kill the hobgoblin!
The Council accepts your kill. The quokka bites you.
You hit the quokka.
You kill the quokka!
The Council accepts your kill.
You hit the quokka. The quokka barely misses you.
You hit the quokka. The quokka bites you. The endoplasm freezes you.
You are frozen.
The quokka bites you.
You hit the quokka.
You kill the quokka!
The Council accepts your kill. The endoplasm barely misses you.
You swing at nothing.
You are no longer unable to travel.
The endoplasm freezes you.
You are frozen.
* * * LOW HITPOINT WARNING * * *
You swing at nothing.
The endoplasm freezes you.
You are frozen.
* * * LOW HITPOINT WARNING * * *
You swing at nothing.
The endoplasm hits you.
* * * LOW HITPOINT WARNING * * *
The endoplasm freezes you.
You are frozen.
You die...

.. #. #.# .. #g#
.# #.# .# #. #.#
.# ..#. #.# .#
....###.##.#####
#.....†@J.<..#
#.###.##.##..#
###.# #.# .#
#...###.# .# #
#.#.....# .#
####.#.#..#### .#
.......#..#####.#
#...<........#
###.#..######


You could see an endoplasm.

Vanquished Creatures
  2 endoplasms (D:1)
  2 giant cockroaches (D:1)
  3 hobgoblins
  4 jackals (D:1)
  2 quokkas (D:2)
  3 ball pythons (D:1)
  6 frilled lizards
  2 goblins (D:1)
  2 kobolds (D:1)
26 creatures vanquished.

Notes
Turn   | Place    | Note
-------+----------+-------------------------------------------
     0 | D:1      | ragingrage the Coglin Warper began the quest for the Orb.
     0 | D:1      | Reached XP level 1. HP: 16/16 MP: 3/3
   239 | D:1      | Reached XP level 2. HP: 16/22 MP: 4/4
   452 | D:1      | Found a faded altar of an unknown god.
   805 | D:1      | Prayed at the altar of an unknown god.
   805 | D:1      | Became a worshipper of the Wu Jian Council
   805 | D:1      | Reached * piety under Wu Jian
   869 | D:2      | Reached XP level 3. HP: 27/27 MP: 5/5
   893 | D:2      | Frozen to death by an endoplasm

Illustrated notes

Levels and vault maps discovered:
D:1:      dpeg_arrival_pits, layout_rooms,
          hellmonk_ecumenical_altar_inner_sanctum
D:2:      layout_loops_ring, uniq_robin

Skill      XL: |  1  2 |
---------------+-------+-----
Long Blades    | 3 |  3.5
Fighting       | |  2.0
Throwing       | |  0.8
Armour         | |  0.8
Dodging        | |  1.7
Spellcasting   | |  1.7
Translocations | |  3.0

Action                     || total
---------------------------++-------
  Melee: Falchion          ||    97
Ability: Lunge             ||     1
 Armour: Ring mail         ||    70
         Leather armour    ||     5
  Dodge: Dodged            ||    50

Table legend: (Time is in decaauts)
 A = Elapsed time spent in this place.
 B = Non-inter-level travel time spent in this place.
 C = Inter-level travel time spent in this place.
 D = Time resting spent in this place.
 E = Time spent auto-exploring this place.
 F = Levels seen in this place.
 G = Mean time per level.
                   A        B        C        D        E       F      G
               +--------+--------+--------+--------+--------+-----+--------+
         Total |    911 |    763 |    148 |     24 |    514 |   2 |  455.5 |
       Dungeon |    911 |    763 |    148 |     24 |    514 |   2 |  455.5 |
               +--------+--------+--------+--------+--------+-----+--------+

Top non-repeatable levels by time:
     D:1: 870 daAuts
     D:2: 41 daAuts
